 Dungeon Sprint DCSS version 0.30-a0-219-gf2db51d15e (webtiles) character file.

Game seed: 14276148004762968642

0 shadowstone the Trooper (level 3, -4/36 HPs)
             Began as a Minotaur Fighter on Oct 7, 2022.
             Was an Initiate of Qazlal.
             Slain by Sigmund
             ... wielding a +0 scythe
              (6 damage)
             ... in the Dungeon (Sprint VI: "Thunderdome").
             The game lasted 00:01:41 (79 turns).

shadowstone the Trooper (Minotaur Fighter)            Turns: 79, Time: 00:01:41

Health: -4/36      AC:  7    Str: 22    XL:     3   Next: 3%
Magic:  2/2        EV:  9    Int:  5    God:    Qazlal [......]
Gold:   200        SH:  4    Dex:  9    Spells: 2/2 levels left

rFire   . . .      SeeInvis .    a - +0 long sword
rCold   . . .      Faith    .    c - +0 buckler
rNeg    . . .      Spirit   .    b - +0 scale mail
rPois   .          Reflect  .    (helmet restricted)
rElec   .          Harm     .    (no cloak)
rCorr   .          Rampage  .    (no gloves)
Will    .....      NoTele   +    (no boots)
Stlth   ..........               (no amulet)
HPRegen 0.26/turn                (no ring)
MPRegen 0.08/turn                (no ring)

@: no status effects
A: horns 2, retaliatory headbutt
a: Renounce Religion


You were in the Dungeon.
You worshipped Qazlal.
Qazlal was noncommittal.
You visited 1 branch You collected 200 gold pieces.

Inventory:

Hand Weapons
 a - a +0 long sword (weapon)
Armour
 b - a +0 scale mail (worn)
 c - a +0 buckler (worn)
Wands
 l - a wand of quicksilver (5)
 m - a wand of iceblast (5)
Scrolls
 j - 4 scrolls of blinking
 n - 3 scrolls of butterflies
Potions
 d - a potion of might
 e - a potion of curing
 f - a potion of heal wounds
 g - 4 potions of haste
 h - 2 potions of magic
 i - a potion of berserk rage
 k - a potion of resistance


   Skills:
 + Level 5.4 Fighting
 + Level 3.2 Long Blades
 + Level 5.2 Armour
 + Level 5.3 Shields


You had 2 spell levels left.
You didn't know any spells.
Your spell library was empty.

Dungeon Overview and Level Annotations

Branches:
Dungeon (1/1)

Altars:
Fedhas
Kikubaaqudgha
Makhleb
Okawaru
Qazlal
Ru
Sif Muna
Uskayaw
Vehumet
Wu Jian
Zin
The Shining One
Lugonu

Shops:
D *[???:(

Annotations:
D Sigmund


Innate Abilities, Weirdness & Mutations

You have a pair of horns on your head.
You reflexively headbutt those who attack you in melee.


Message History

The puff of flame hits you!
* * * LOW HITPOINT WARNING * * *
There is a sacrificial altar of Ru here.
Something hits you but does no damage.
You feel much better.
Sigmund appears from thin air!
Reactivating autopickup.
You're too confused to move!
Sigmund hits you with a +0 scythe. Sigmund hits you with a +0 scythe.
You miss Sigmund.
Sigmund is moderately wounded.
You're too confused to move!
Sigmund zaps a wand.
The puff of flame hits you!
You're too confused to move!
You feel less confused. Sigmund hits you with a +0 scythe!
* * * LOW HITPOINT WARNING * * *
The worm barely misses you.
You hit Sigmund. Your headbutt misses Sigmund.
Sigmund is heavily wounded.
Sigmund closely misses you. The worm closely misses you.
You hit Sigmund but do no damage. Your headbutt misses Sigmund.
Sigmund is heavily wounded.
Sigmund casts a spell at you. You resist with significant effort.
You closely miss Sigmund.
Sigmund is heavily wounded.
The worm completely misses you. Sigmund hits you with a +0 scythe.
* * * LOW HITPOINT WARNING * * *
You hit Sigmund. Your headbutt misses Sigmund.
Sigmund is severely wounded.
The worm closely misses you. You block Sigmund's attack.
You closely miss Sigmund. Your headbutt misses Sigmund.
Sigmund is severely wounded.
The worm closely misses you. You furiously retaliate!
You headbutt the worm! Sigmund casts a spell at you. The magic dart hits you.
* * * LOW HITPOINT WARNING * * *
You barely miss Sigmund. You headbutt Sigmund.
Sigmund is severely wounded.
Sigmund hits you with a +0 scythe.
You die...

##### ##⌠⌠⌠## #.....#
##.....## ##∩.....∩##
#∩.......∩#
#_......._#
#_w......_#
#@@......_#
###.........###
#⌠...........⌠#
######.8.........8.###
#.___......###......__
∩........8.# #.8......
...........###........
........###...###.....
........# #.<.# .....


You could see Sigmund and a worm.

Vanquished Creatures
  A hound (D)
  A rat (D)
2 creatures vanquished.

Notes
Turn   | Place    | Note
-------+----------+-------------------------------------------
     0 | D        | shadowstone the Minotaur Fighter began the quest for the
                  | Orb.
     0 | D        | Reached XP level 1. HP: 19/19 MP: 0/0
     1 | D        | Found an ornate altar of the Wu Jian Council.
     1 | D        | Found a hide-covered altar of Uskayaw.
     5 | D        | Round 1.
     7 | D        | Found a glowing silver altar of Zin.
     7 | D        | Found a glowing golden altar of the Shining One.
     8 | D        | Found a radiant altar of Vehumet.
     8 | D        | Found a corrupted altar of Lugonu.
     9 | D        | Found a stormy altar of Qazlal.
     9 | D        | Found a sacrificial altar of Ru.
     9 | D        | Found Qalilud's Staff Store.
     9 | D        | Found Dig Meng's Magic Scroll Shop.
    10 | D        | Found Fuptuz's Must-Have Magic.
    10 | D        | Found Jitrem Rio's Magic Scroll Shop.
    11 | D        | Noticed a hound
    16 | D        | Killed a hound
    17 | D        | Reached skill level 5 in Fighting
    17 | D        | Reached skill level 5 in Armour
    17 | D        | Reached skill level 5 in Shields
    17 | D        | Reached XP level 2. HP: 24/29 MP: 1/1
    17 | D        | Reached XP level 3. HP: 30/36 MP: 2/2
    20 | D        | Found an iron altar of Okawaru.
    24 | D        | Noticed Sigmund
    25 | D        | Became a worshipper of Qazlal Stormbringer
    27 | D        | Found a blossoming altar of Fedhas.
    28 | D        | Found a shimmering blue altar of Sif Muna.
    30 | D        | Found an ancient bone altar of Kikubaaqudgha.
    30 | D        | Found a burning altar of Makhleb.
    30 | D        | Found Naohuer's Identification Station.
    31 | D        | Found Ibly's Jewellery.
    31 | D        | Found Kouki's Advanced Armour.
    79 | D        | Slain by Sigmund

Illustrated notes

Levels and vault maps discovered:
D:        arena_sprint

Skill      XL: |  1 |
---------------+----+-----
Fighting       | 5 |  5.4
Long Blades    | 3 |  3.2
Armour         | 5 |  5.2
Shields        | 5 |  5.3

Action                   || total
-------------------------++-------
Melee: Long sword        ||    22
       Headbutt          ||     4
  Use: Potion            ||     3
Armor: Scale mail        ||     7
Dodge: Dodged            ||    14
Block: Buckler           ||     3

Table legend: (Time is in decaauts)
 A = Elapsed time spent in this place.
 B = Non-inter-level travel time spent in this place.
 C = Inter-level travel time spent in this place.
 D = Time resting spent in this place.
 E = Time spent auto-exploring this place.
 F = Levels seen in this place.
 G = Mean time per level.
                   A        B        C        D        E       F      G
               +--------+--------+--------+--------+--------+-----+--------+
         Total |     85 |     85 |      0 |      0 |      0 |   1 |   85.0 |
       Dungeon |     85 |     85 |      0 |      0 |      0 |   1 |   85.0 |
               +--------+--------+--------+--------+--------+-----+--------+

Top non-repeatable levels by time:
       D: 85 daAuts
